 Dungeon Crawl Stone Soup version 0.20.0-8-g6b59dc7 (webtiles) character file.

27 fht4gn the Shield-Bearer (level 3, -26/29 HPs)
             Began as a Formicid Fighter on June 1, 2017.
             Killed from afar by Terence (32 damage)
             ... with an exploding inner flame
             ... hexed by the player character
             ... on level 2 of the Dungeon.
             The game lasted 00:10:16 (1274 turns).

fht4gn the Shield-Bearer (Formicid Fighter)         Turns: 1274, Time: 00:10:18

Health: -26/29     AC:  9    Str: 23 (25) XL:     3   Next: 25%
Magic:  3/3        EV:  8    Int:  6 (8)  God:
Gold:   31         SH:  9    Dex:  7 (10) Spells: 2/2 levels left

rFire    . . .     SeeInvis +   a - +0 long sword
rCold    . . .     Gourm    .   c - +0 shield
rNeg     . . .     Faith    .   b - +0 scale mail
rPois    .         Spirit   .   (helmet unavailable)
rElec    .         Reflect  .   (no cloak)
rCorr    .         Harm     .   t - +1 pair of gloves
MR       .....                  (no boots)
Stlth    ..........             (no amulet)
Regen    0.1/turn               (no ring)
MPRegen  0.1/turn               (no ring)

@: mighty
A: permanent stasis, dig shafts and tunnels, four strong arms, antennae 3
a: Dig, Shaft Self


You were on level 2 of the Dungeon.
You were hungry.

You visited 1 branch of the dungeon, and saw 2 of its levels.

You collected 31 gold pieces.

Inventory:

Hand Weapons
 a - a +0 long sword (weapon)
Missiles
 n - 4 tomahawks (quivered)
Armour
 b - a +0 scale mail (worn)
 c - a +0 shield (worn)
 t - a +1 pair of gloves (worn)
Scrolls
 e - a scroll of blinking
 o - a scroll of identify {unknown}
 p - a scroll of fog {unknown}
 q - a scroll of remove curse
 r - a scroll of fear {unknown}
Potions
 j - a potion of degeneration
 s - a potion of haste {unknown}
Comestibles
 f - a bread ration
 h - a meat ration


   Skills:
 + Level 3.5 Fighting
 + Level 2.4 Long Blades
 + Level 3.4 Armour
 + Level 1.6 Stealth
 + Level 3.8 Shields


You had 2 spell levels left.
You didn't know any spells.

Dungeon Overview and Level Annotations

Branches:
Dungeon (2/15)

Altars:

Annotations:
D:1 cleared


Innate Abilities, Weirdness & Mutations

You cannot be hasted, slowed, berserked, paralysed or teleported.
You can dig through walls and to a lower floor.
Your four strong arms can wield two-handed weapons with a shield.
You have a pair of large antennae on your head. (SInv)


Message History

Terence hits you but does no damage.
As you read the scroll labeled PUITWE NEFEAM, it crumbles to dust.
It is a scroll of enchant armour.
Your +0 pair of gloves glows green for a moment.
Terence hits you but does no damage.
As you read the scroll labeled KOPUSOHOVY, it crumbles to dust.
You hear a loud clanging noise!
It was a scroll of noise.
As you read the scroll labeled VEWNINW WIDOUH, it crumbles to dust.
The creatures around you are filled with an inner flame!
It was a scroll of immolation.
You block Terence's attack.
You slash Terence!
Terence explodes!
The fiery explosion engulfs the kobold.
You kill the kobold!
The fiery explosion engulfs the ball python.
The ball python explodes!
The fiery explosion engulfs you!
Ouch! That really hurt!
You die...

******* ,,,,,,******
,,,,,,,.,,,* ,,,,,,,..,,*
*****,**#.,* * **,###..#####
****,,.......§§######
**,*,*.##....§§§@...#
*,,,,,,,#..###)####.#
**,*,*,*#..##.#†###K#
*,,,,g,,#....###K##.#
,*,*,#$*#..##.#..##.#
*,,,,,..#.,*##.#.##.#
**,*,*,#..,* #.#.##.#########
*,>,,,..,#.###.#.##...K.....#
**,*,#.***#..).#.##########.#


There were no monsters in sight!

Vanquished Creatures
  A giant cockroach (D:1)
  2 goblins (D:1)
  6 hobgoblins
  A ball python (D:2)
  5 bats (D:1)
  7 kobolds
  5 rats (D:1)
27 creatures vanquished.

Notes
Turn   | Place    | Note
-------+----------+-------------------------------------------
     0 | D:1      | fht4gn the Formicid Fighter began the quest for the Orb.
     0 | D:1      | Reached XP level 1. HP: 18/18 MP: 1/1
   271 | D:1      | Reached skill level 1 in Stealth
   334 | D:1      | Reached XP level 2. HP: 24/24 MP: 2/2
  1006 | D:1      | Reached XP level 3. HP: 29/29 MP: 3/3
  1205 | D:2      | Noticed Terence
  1274 | D:2      | Killed Terence
  1274 | D:2      | Killed from afar by Terence

Skill      XL: |  1 |
---------------+----+-----
Stealth        | 1 |  1.6
Fighting       | |  3.5
Long Blades    | |  2.4
Armour         | |  3.4
Shields        | |  3.8

Action                   || total
-------------------------++-------
Melee: Long sword        ||    88
 Abil: Dig               ||     6
  Use: Scroll            ||     6
       Potion            ||     2
  Eat: Chunk             ||     1
Armor: Scale mail        ||    35
Dodge: Dodged            ||    28
Block: Shield            ||    48
       Rpst.: Long sword ||     9
